 Dungeon Crawl Stone Soup version 0.30.0-3-ga4e48a9924 (webtiles) character file.

Game seed: 10443532333553351460

10 hawla the Chiller (level 2, -2/20 HPs)
             Began as a Meteoran Ice Elementalist on May 7, 2023.
             Slain by Ijyb
             ... wielding a +0 dagger
              (4 damage)
             ... on level 3 of the Dungeon.
             The game lasted 00:01:50 (201 turns).

hawla the Chiller (Meteoran Ice Elementalist)        Turns: 201, Time: 00:01:50

Health: -2/20      AC:  2    Str:  8 (9)  XL:     2   Next: 47%
Magic:  6/6        EV: 12    Int: 14 (16) God:
Gold:   22         SH:  0    Dex: 12 (14) Spells: 5/6 levels left

rFire   . . .        c - +0 falchion
rCold   . . .        (no shield)
rNeg    . . .        a - +0 robe
rPois   .            (no helmet)
rElec   .            (no cloak)
rCorr   .            (no gloves)
SInv    .            (no boots)
Will    .....        (no amulet)
Stlth   +            (no ring)
HPRegen 0.23/turn    (no ring)
MPRegen 0.10/turn

%: no passive effects
@: glowing
A: sense surroundings 1, otherworldly, glowing, explore regen
a: no special abilities


You were on level 3 of the Dungeon.
You visited 1 branch of the dungeon, and saw 3 of its levels.

You collected 22 gold pieces.

Inventory:

Hand Weapons
 c - a +0 falchion (weapon)
Armour
 a - a +0 robe (worn)
Potions
 b - a potion of magic


   Skills:
 + Level 2.4 Dodging
 - Level 1.4 Stealth
 + Level 2.8 Spellcasting
 + Level 4.8 Ice Magic


You had 5 spell levels left.
You knew the following spells:

 Your Spells              Type           Power      Damage    Failure   Level
a - Freeze                Ice            60%        1d7       3%          1

Your spell library contained the following spells:

 Spells                   Type           Power      Damage    Failure   Level
 Frozen Ramparts          Ice            30%        1d5       9%          3
 Ozocubu's Armour         Ice            15%        N/A       9%          3
 Summon Ice Beast         Ice/Summ       8%         N/A       63%         4


Dungeon Overview and Level Annotations

Branches:
Dungeon (3/15) Zot: 1595

Altars:

Annotations:
D:3 Ijyb


Innate Abilities, Weirdness & Mutations

You passively map a small area around you.
You are easily found by Zot.
You glow in the dark.
You regain HP and MP as you explore.


Message History

You aren't carrying any scrolls.
Okay, then.
Ijyb zaps a wand.
Your will is overpowered!
You are confused.
Unknown command.
You bump into the rock wall.
Ijyb zaps a wand.
Your will is overpowered!
You are more confused.
You bump into the rock wall.
You are too confused!
Ijyb hits you with a +0 dagger.
You barely miss Ijyb. Ijyb hits you with a +0 dagger.
You closely miss Ijyb.
Ijyb zaps a wand.
Your will is overpowered!
You are more confused.
You bump into the huge closed gate.
Ijyb hits you with a +0 dagger. Ijyb hits you with a +0 dagger.
Ijyb zaps a wand.
You resist with significant effort.
Ijyb zaps a wand.
Your will is overpowered!
You are more confused.
The now-empty wand crumbles to dust.
You barely miss Ijyb.
Ijyb screams, "Level is mine!
All mine!"
Ijyb misses you.
You barely miss Ijyb. Ijyb hits you with a +0 dagger. x2
* * * LOW HITPOINT WARNING * * *
Unknown command.
You bump into the rock wall.
Ijyb hits you with a +0 dagger.
* * * LOW HITPOINT WARNING * * *
It was a potion of degeneration.
There was something very wrong with that liquid.
You feel weakened.
You feel dopey.
You feel clumsy. Ijyb hits you with a +0 dagger.
* * * LOW HITPOINT WARNING * * *
You're too confused to move!
You feel less confused. Ijyb closely misses you.
You slash Ijyb!
Ijyb is heavily wounded.
Ijyb hits you with a +0 dagger.
You die...

, *########### *
.........,
########## #...#..
.........# #...#.+
, *.#######.#
#...#.++ ,* * #.#
#.....+ + > #<#
#.###.+ + , #.#
#..@g.+ + ,
#######.###.....# ,
..........+.....# ,
* #######.###.....#
,
,,................#
######...##.....#
#...##.....#
#...######## ,,
###.#


You could see Ijyb.

Vanquished Creatures
  A giant cockroach (D:1)
  A goblin (D:1)
  6 bats
  2 rats (D:1)
10 creatures vanquished.

Notes
Turn   | Place    | Note
-------+----------+-------------------------------------------
     0 | D:1      | hawla the Meteoran Ice Elementalist began the quest for the
                  | Orb.
     0 | D:1      | Reached XP level 1. HP: 14/14 MP: 5/5
    41 | D:1      | Reached XP level 2. HP: 17/20 MP: 1/6
   176 | D:3      | Noticed Ijyb
   201 | D:3      | Slain by Ijyb

Illustrated notes

Levels and vault maps discovered:
D:1:      dpeg_arrival_subterranean_lakeside_camping, layout_basic,
          serial_glass, glass_columns_a, glass_columns_b, glass_columns_c,
          glass_columns_a, glass_columns_a, glass_columns_a, glass_columns_b,
          glass_columns_b, glass_columns_b, glass_columns_a, glass_columns_a,
          glass_columns_a, glass_columns_c, glass_columns_a
D:2:      layout_basic
D:3:      layout_basic, hellmonk_ghost_happy_afterlife,
          hellmonk_ecumenical_altar_heavens_door, uniq_ijyb

Action                     || total
---------------------------++-------
  Melee: Falchion          ||    11
   Cast: Freeze            ||    11
    Use: Potion            ||     1
 Armour: Robe              ||    10
  Dodge: Dodged            ||    19
